 Dungeon Crawl Stone Soup version 0.31-a0-609-g7bf6ffcfed (webtiles) character file.

Game seed: 14805522115336172837

16 Dittersdorf the Covered (level 2, 0/19 HPs)
             Began as a Gargoyle Fighter on Aug 21, 2023.
             Slain by a kobold
             ... wielding a +0 club
              (2 damage)
             ... on level 1 of the Dungeon.
             The game lasted 00:00:23 (251 turns).

Dittersdorf the Covered (Gargoyle Fighter)           Turns: 251, Time: 00:00:23

Health: 0/19       AC:  9    Str: 19    XL:     2   Next: 58%
Magic:  2/2        EV:  9    Int:  8    God:
Gold:   0          SH:  6    Dex:  9    Spells: 1/1 levels left

rFire   . . .        a - +0 flail
rCold   . . .        e - +2 buckler
rNeg    + . .        b - +0 scale mail
rPois   ∞            (no helmet)
rElec   +            (no cloak)
rCorr   .            (no gloves)
SInv    .            (no boots)
Will    .....        (no amulet) Stlth
                     (no ring)
HPRegen 0.23/turn    (no ring)
MPRegen 0.08/turn

%: no passive effects
@: no status effects
A: sickness immunity, AC +2, negative energy resistance 1, electricity
resistance, torment resistance 1, petrification resistance
a: no special abilities


You were on level 1 of the Dungeon.
You visited 1 branch of the dungeon, and saw 1 of its levels.

Inventory:

Hand Weapons
 a - a +0 flail (weapon)
Armour
 b - a +0 scale mail (worn)
 e - a +2 buckler (worn)
Potions
 c - 2 potions of degeneration {unknown}
 d - a potion of might


   Skills:
 + Level 3.5 Fighting
 + Level 2.2 Maces & Flails
 + Level 3.5 Armour
 + Level 3.5 Shields


You had one spell level left.
You didn't know any spells.
Your spell library was empty.

Dungeon Overview and Level Annotations

Branches:
Dungeon (1/15)

Altars:


Innate Abilities, Weirdness & Mutations

You are immune to sickness and miasma.
Your stone body is resilient. (AC +2)
You are immune to poison.
You resist negative energy. (rN+)
You are resistant to electric shocks. (rElec)
You are resistant to unholy torment.
You are immune to petrification.


Message History

The ball python's grasp on you weakens, but your attempt to escape fails.
You block the ball python's attack. The ball python constricts you.
The ball python bites you but does no damage.
The ball python constricts you. The gnoll hits you but does no damage.
You escape the ball python's grasp.
The gnoll hits you with a +0 whip. The gnoll attacks as it pursues you!
The gnoll closely misses you.
You sock the ball python!
You kill the ball python!
The gnoll hits you with a +0 whip.
You have reached level 2!
You barely miss the gnoll.
The gnoll is heavily wounded.
The gnoll barely misses you.
You closely miss the gnoll.
The gnoll is heavily wounded.
You block the gnoll's attack.
You barely miss the gnoll.
The gnoll is heavily wounded.
The gnoll hits you with a +0 whip. x2
* * * LOW HITPOINT WARNING * * *
You hit the gnoll.
You kill the gnoll!
You block the kobold's attack.
You miss the kobold. You block the kobold's attack.
You closely miss the kobold. The kobold hits you but does no damage.
You block the kobold's attack.
You completely miss the kobold. You block the kobold's attack.
You barely miss the kobold. The kobold hits you with a +0 club.
* * * LOW HITPOINT WARNING * * *
You barely miss the kobold. The kobold closely misses you.
The kobold barely misses you.
You closely miss the kobold. You block the kobold's attack.
You closely miss the kobold. The kobold misses you.
You barely miss the kobold. The kobold closely misses you.
You barely miss the kobold. The kobold hits you with a +0 club.
* * * LOW HITPOINT WARNING * * *
The kobold hits you but does no damage.
You barely miss the kobold. You block the kobold's attack.
You closely miss the kobold. The kobold hits you with a +0 club.
You die...

..# #.# #.# ###### ##.######
#....# ##.......# #....#
#........############....####.
#........#......@K............
................##..[.....(...
##.....†........##............
######.†........##...#........
# ##..........##...#........
#####...........##...########?
...##...........##...######
##.##...........##...'....#
#..............##...####.#


You could see a kobold.

Vanquished Creatures
  A gnoll (D:1)
  A goblin (D:1)
  2 quokkas (D:1)
  3 ball pythons (D:1)
7 creatures vanquished.

Notes
Turn   | Place    | Note
-------+----------+-------------------------------------------
     0 | D:1      | Dittersdorf the Gargoyle Fighter began the quest for the
                  | Orb.
     0 | D:1      | Reached XP level 1. HP: 14/14 MP: 1/1
   237 | D:1      | Reached XP level 2. HP: 8/19 MP: 2/2
   251 | D:1      | Slain by a kobold

Illustrated notes

Levels and vault maps discovered:
D:1:      heliophobic_arrival_dark_side_of_the_moon, layout_basic,
          shapermc_ecumenical_altar_ellora, serial_shops, shop,
          nicolae_houndstooth_variations

Action                     || total
---------------------------++-------
  Melee: Flail             ||    32
 Armour: Scale mail        ||     7
  Dodge: Dodged            ||    19
  Block: Buckler           ||    17

Table legend: (Time is in decaauts)
 A = Elapsed time spent in this place.
 B = Non-inter-level travel time spent in this place.
 C = Inter-level travel time spent in this place.
 D = Time resting spent in this place.
 E = Time spent auto-exploring this place.
 F = Levels seen in this place.
 G = Mean time per level.
                   A        B        C        D        E       F      G
               +--------+--------+--------+--------+--------+-----+--------+
         Total |    261 |    230 |     31 |      0 |    154 |   1 |  261.0 |
       Dungeon |    261 |    230 |     31 |      0 |    154 |   1 |  261.0 |
               +--------+--------+--------+--------+--------+-----+--------+

Top non-repeatable levels by time:
     D:1: 261 daAuts
